 Dungeon Crawl Stone Soup version 0.29-a0-284-gf9362112df (webtiles) character file.

Game seed: 15925754021964640554

141722 cojito the Peltast (level 17, -22/118 HPs)
             Began as a Djinni Hedge Wizard on Mar 27, 2022.
             Was the Champion of Hepliaklqana.
             Killed from afar by Nikola (64 damage)
             ... with an arc of chain lightning
             ... on level 4 of the Snake Pit on Mar 29, 2022.
             The game lasted 02:07:50 (24682 turns).

cojito the Peltast (Djinni Hedge Wizard)           Turns: 24682, Time: 02:07:51

Health: -22/118    AC: 21    Str:  9    XL:     17   Next: 95%
Gold:   1810       EV: 12    Int: 31    God:    Hepliaklqana [******] SH: 16 Dex: 16

rFire   + + .      SeeInvis .   b - staff of conjuration
rCold   x . .      Faith    .   S - +2 kite shield {reflect}
rNeg    . . .      Spirit   .   r - +4 scale mail of Liberty {rElec Int+4}
rPois   ∞          Reflect  +   E - +2 hat {Will+}
rElec   +          Harm     .   N - +0 cloak
rCorr   .          Rampage  .   i - +0 pair of gloves
Will    ++...                   (boots unavailable)
Stlth   +.........              g - amulet of regeneration
HPRegen 1.09/turn               s - +4 ring of protection
MPRegen 0.00/turn               Y - +6 ring of intelligence

@: flying, studying Crossbows
A: reduced essence, sickness immunity, fire resistance 2, cold vulnerability 1,
float, innate caster, HP casting, extra vitality 1
a: Renounce Religion, Recall Ancestor, Ancestor Identity, Transference, Idealise


You were on level 4 of the Snake Pit.
You worshipped Hepliaklqana.
Hepliaklqana was exalted by your worship.
You visited 4 branches of the dungeon, and saw 27 of its levels.
You also visited: Sewer.

You collected 3145 gold pieces.
You spent 1335 gold pieces at shops.

Inventory:

Hand Weapons
 D - a +9 eveningstar of venom
Missiles
 f - 6 throwing nets (quivered)
 h - 268 stones
Armour
 i - a +0 pair of gloves (worn)
 l - a +0 chain mail of cold resistance
 r - the +4 scale mail of Liberty (worn) {rElec Int+4}
   (You found it on level 6 of the Lair of Beasts)

   Int:       It affects your intelligence (+4).
   rElec:     It insulates you from electricity.
 E - a +2 hat of willpower (worn)
 I - a +2 robe of cold resistance
 N - a +0 cloak (worn)
 S - a +2 kite shield of reflection (worn)
Magical Staves
 a - a staff of cold
 b - a staff of conjuration (weapon)
Jewellery
 g - an amulet of regeneration (around neck)
 s - a +4 ring of protection (left hand)
 C - a +6 ring of dexterity
 F - a ring of wizardry
 O - a ring of ice
 W - a ring of positive energy
 Y - a +6 ring of intelligence (right hand)
Wands
 c - a wand of mindburst (2)
 u - a wand of iceblast (1)
 x - a wand of polymorph (13)
 G - a wand of flame (26)
 L - a wand of acid (4)
 U - a wand of paralysis (6)
 Z - a wand of digging (5)
Scrolls
 d - a scroll of blinking
 m - 4 scrolls of immolation
 n - 4 scrolls of fear
 p - 2 scrolls of summoning
 y - 3 scrolls of enchant weapon
 z - 3 scrolls of silence
 B - 5 scrolls of magic mapping
 M - 2 scrolls of teleportation
 Q - 4 scrolls of fog
 R - 2 scrolls of holy word
 T - 3 scrolls of vulnerability
Potions
 e - a potion of lignification
 j - 3 potions of haste
 k - 3 potions of attraction
 o - 16 potions of curing
 q - 2 potions of brilliance
 t - 3 potions of mutation
 v - 6 potions of might
 w - 4 potions of cancellation
 A - 2 potions of invisibility
 H - 7 potions of ambrosia
 J - 2 potions of resistance
 K - 2 potions of heal wounds
Miscellaneous
 X - a piece from Xom's chessboard (15/15)


   Skills:
 - Level 15.6 Fighting
 * Level 10.9 Armour
 - Level 12.1 Dodging
 - Level 1.5 Stealth
 - Level 16.8 Shields
 - Level 12.6 Spellcasting
 - Level 6.0 Invocations
 - Level 4.0 Evocations


You couldn't memorise any spells.
You knew the following spells:

 Your Spells              Type           Power      Damage    Failure   Level
a - Magic Dart            Conj           100%       1d8       1%          1
b - Blink                 Tloc           100%       N/A       1%          2
c - Call Imp              Summ           78%        N/A       1%          2
d - Slow                  Hex            100%       N/A       1%          1
e - Conjure Flame         Conj/Fire      98%        6-21      1%          3
f - Mephitic Cloud        Conj/Pois/Air  98%        N/A       1%          3
g - Sandblast             Erth           100%       2d20      1%          1
h - Static Discharge      Conj/Air       98%        N/A       1%          2
i - Searing Ray           Conj           100%       2d8       1%          2
j - Cause Fear            Hex            39%        N/A       1%          4
k - Animate Dead          Necr           39%        N/A       1%          4
l - Alistair's Intoxicat  Tmut/Pois      52%        N/A       3%          5
m - Summon Cactus Giant   Summ           39%        N/A       19%         6
n - Conjure Ball Lightni  Conj/Air       49%        3x3d17    19%         6
Your spell library was empty.

Dungeon Overview and Level Annotations

Branches:
Dungeon (15/15)            Temple (0/1) D:7            Lair (6/6) D:11
 Shoals (0/4) Lair:4        Snake (4/4) Lair:2        Slime (0/5) Lair:5
    Orc (2/2) D:12            Elf (0/3) Orc:2        Vaults (0/5) D:14
 Depths (0/4) D:15          Sewer (visited)

Altars:
Hepliaklqana
Makhleb
Qazlal
Ru
Trog
Jiyva

Shops:
D:1 (   D:9 ?   D:12 =   Orc:2 *=(?

Portals:
Trove: D:10 (give 16 scrolls of teleportation)

Annotations:
D:6 2 runed translucent doors, Patoropollo's ghost, novice SpEn
D:8 3 runed translucent doors
Lair:4 3 runed translucent doors, Jysajome's ghost, adept OgCj
Snake:4 Nikola


Innate Abilities, Weirdness & Mutations

Your life essence is reduced to manifest your ancestor. (-10% HP)
You are immune to sickness and miasma.
You are immune to poison.
Your flesh is very heat resistant. (rF++)
You are vulnerable to cold. (rC-)
You float through the air rather than walking.
You learn spells naturally, not from books.
Your magical power is your life essence.
You have superior vitality. (+4 MHP)


Message History

The naga warrior hits you but does no damage.
The naga warrior constricts you.
The guardian serpent casts a spell at you.
The bolt of poison hits you but does no damage.
You resist.
Nikola is engulfed in noxious fumes.
You block Nikola's attack.
You escape the naga warrior's grasp.
The guardian serpent attacks as you move away!
You block the guardian serpent's attack.
The naga warrior hits you but does no damage.
Nikola is engulfed in noxious fumes.
You block Nikola's attack.
Your cactus giant barely misses the guardian serpent.
There is a stone staircase leading down, spattered with blood here.
The guardian serpent casts a spell at you.
The bolt of poison hits you but does no damage.
You resist.
The naga warrior hits you from afar with a +0 trident!!
You block the guardian serpent's attack.
Nikola is engulfed in noxious fumes.
Nikola gestures wildly while chanting.
Lightning arcs from Nikola's hands!
The bolt of lightning hits your cactus giant!!!!
Your cactus giant is destroyed!
Your cactus giant disappears in a puff of smoke!
A bolt of lightning appears from out of thin air!
The bolt of lightning hits Nikola.
The bolt of lightning hits the guardian serpent!!
The bolt of lightning hits you!! You resist.
* * * LOW HITPOINT WARNING * * *
The bolt of lightning hits the anaconda!!!
The bolt of lightning hits the naga warrior!!!
You hear a shout!
You fly downwards.
There is a stone staircase leading up here.
You feel much better.
You block the guardian serpent's attack.
Nikola gestures wildly while chanting.
Lightning arcs from Nikola's hands!
The bolt of lightning hits you!!! You resist.
Ouch! That really hurt!
You die...

#..... ##### #.....
########...### #.....
#....#.......####.....
##'##...##'##....#.....
#8.8#####8.8#..........
##...###...##..........
##....@..##........###
##..@S.##............
##8.8##.........#...
######...#...#.#...
#########.#### #.# #.#


You could see Nikola and a guardian serpent.

Vanquished Creatures
  Gastronok (Lair:1)
  Aizul (Snake:2)
  An ettin (D:15)
  7 hydras
  3 ogre magi
  A naga warrior (Snake:2)
  A boulder beetle (Lair:5)
  An anaconda (Snake:2)
  5 centaur warriors
  11 two-headed ogres
  A death yak (Lair:6)
  3 shock serpents
  2 skeletal warriors
  A salamander mystic (Snake:4)
  Amaemon (D:9)
  2 deep trolls
  3 anaconda zombies (Snake:1)
  4 spectral anacondas (Snake:1)
  A naga ritualist (Snake:2)
  A phantasmal warrior (D:12)
  A deep elf pyromancer (D:10)
  2 necromancers (D:15)
  A wizard (D:14)
  An oklob plant (D:11)
  A mana viper (Snake:4)
  2 cyclopes (D:13)
  A salamander (Snake:4)
  2 manticores
  2 nameless horrors
  5 black mambas
  3 ugly things
  A gargoyle (D:11)
  2 naga magi
  8 cane toads
  3 kobold demonologists
  9 yaktaurs
  5 komodo dragons
  5 anaconda simulacra (Snake:1)
  4 trolls
  7 blink frogs
  A dream sheep (Lair:4)
  A centaur simulacrum (D:15)
  2 shadows
  2 wyverns
  4 wraiths
  26 yaks
  2 basilisks
  A steam dragon (D:9)
  3 vampire mosquitoes
  2 nagas
  5 water moccasins
  A swamp drake (D:10)
  4 orc warriors
  A sky beast (D:8)
  A wolf (Lair:4)
  7 centaurs
  17 ogres
  2 boggarts
  3 kobold brigands
  9 bullfrogs
  2 necrophages
  7 wights
  10 killer bees
  A howler monkey (D:7)
  6 electric eels
  A crimson imp (D:10)
  A jelly (D:7)
  2 orc priests
  7 battlemagi
  2 iguanas
  7 orc wizards
  A hell rat (Lair:2)
  7 gnolls
  2 adders
  An ufetubus (D:5)
  3 dart slugs
  23 orcs
  6 ball pythons
  3 bats
  3 endoplasms
  5 giant cockroaches
  6 goblins
  4 hobgoblins
  5 jackals
  4 quokkas
  2 frilled lizards (D:1)
  23 kobolds
  6 rats
  A ball lightning (D:15)
361 creatures vanquished.

Vanquished Creatures (collateral kills)
  Snorg (Lair:6)
  Fannar (D:10)
  Harold (D:11)
  4 hydras (Lair:6)
  A naga warrior (Snake:1)
  3 ogre magi
  2 death knights
  An anaconda (Lair:6)
  3 boulder beetles
  A catoblepas (Lair:6)
  2 centaur warriors
  2 tengu warriors (D:14)
  14 two-headed ogres
  17 death yaks
  Urug (Lair:4)
  2 shock serpents
  Sonja (D:11)
  A hell knight (D:15)
  A fire crab (Lair:5)
  A spectral anaconda (Snake:1)
  Lodul (D:12)
  A goliath frog (Lair:6)
  2 anaconda zombies (Snake:1)
  8 skeletal warriors
  A wizard (D:14)
  An anaconda skeleton (Snake:1)
  A lindwurm (Lair:6)
  An orc sorcerer (Orc:2)
  4 cyclopes
  6 ugly things (D:14)
  An oklob plant (D:11)
  4 salamanders
  5 black mambas
  2 gargoyles
  3 elephants
  3 centaur skeletons (D:14)
  13 cane toads
  An orange demon (D:9)
  An unseen horror (D:10)
  4 freezing wraiths
  3 yaktaurs
  8 komodo dragons
  A polar bear (Lair:4)
  2 trolls
  3 meliai (Lair:6)
  A nameless horror (Lair:6)
  3 tyrant leeches (Lair:6)
  6 dream sheep (Lair:4)
  16 blink frogs
  A harpy skeleton (D:14)
  A snapping turtle (Lair:4)
  Sigmund (D:4)
  A vampire (D:10)
  A basilisk (D:15)
  3 wraiths
  25 yaks
  14 vampire mosquitoes
  Menkaure (D:4)
  5 nagas
  2 wargs (Orc:2)
  11 water moccasins
  2 sky beasts
  2 black bears
  7 orc warriors
  16 ogres
  2 wolves (Lair:4)
  A battlemage (Snake:4)
  2 boggarts (D:14)
  6 centaurs
  6 kobold brigands
  13 bullfrogs
  2 necrophages
  3 wights
  21 killer bees
  A howler monkey (D:13)
  7 orc priests
  A hound (D:6)
  An iron imp (D:10)
  2 iguanas
  9 orc wizards
  5 hell rats (Lair:2)
  A gnoll (D:2)
  5 adders
  A shadow imp (D:10)
  2 white imps
  3 worms
  23 orcs
  4 giant cockroaches (D:4)
  A goblin (D:2)
  2 hobgoblins
  2 jackals
  9 kobolds
  A quokka (D:4)
  A bat (D:3)
  2 rats
398 creatures vanquished.

Vanquished Creatures (others)
  2 black mambas (Snake:3)
  A cane toad (Lair:6)
  A queen bee (Lair:6)
  A kobold brigand (D:14)
  An electric eel (D:9)
  26 battlemagi
  3 orcs (D:10)
  2 ancestors (D:2)
  6 ball lightnings
  2 bushes (Lair:6)
  64 fungi
  131 plants
  4 toadstools (D:8)
244 creatures vanquished.

Grand Total: 1003 creatures vanquished

Notes
Turn   | Place    | Note
-------+----------+-------------------------------------------
     0 | D:1      | cojito the Djinni Hedge Wizard began the quest for the Orb.
     0 | D:1      | Reached XP level 1. HP: 15/15 MP: 0/0
   162 | D:1      | Reached XP level 2. HP: 11/22 MP: 0/0
   172 | D:1      | Reached skill level 1 in Fighting
   710 | D:1      | Reached XP level 3. HP: 11/27 MP: 0/0
   710 | D:1      | Learned a level 1 spell: Sandblast
   995 | D:1      | Found Ydosuiw's Weapon Shop.
  1003 | D:1      | Bought 23 stones for 29 gold pieces
  1631 | D:2      | Found a faded altar of an unknown god.
  1645 | D:2      | Prayed at the altar of an unknown god.
  1645 | D:2      | Became a worshipper of Hepliaklqana the Forgotten
  1645 | D:2      | Reached * piety under Hepliaklqana
  1891 | D:2      | Reached XP level 4. HP: 22/29 MP: 0/0
  2561 | D:2      | Reached ** piety under Hepliaklqana
  2562 | D:2      | Remembered your ancestor Gladwin as a battlemage
  2572 | D:2      | Reached XP level 5. HP: 34/36 MP: 0/0
  2572 | D:2      | Learned a level 2 spell: Static Discharge
  3577 | D:3      | Reached XP level 6. HP: 39/41 MP: 0/0
  3677 | D:3      | Found a bloodstained altar of Trog.
  4273 | D:4      | Found a glowing drain.
  4393 | Sewer    | Entered a sewer
  4418 | Sewer    | Noticed a water moccasin
  4424 | Sewer    | Killed a water moccasin
  4425 | Sewer    | Reached XP level 7. HP: 46/46 MP: 0/0
  4425 | Sewer    | Learned a level 2 spell: Searing Ray
  4843 | D:4      | Noticed Menkaure
  4848 | D:4      | Killed Menkaure
  5227 | D:4      | Noticed Sigmund
  5244 | D:4      | Killed Sigmund
  5245 | D:4      | Reached skill level 5 in Fighting
  5245 | D:4      | Reached XP level 8. HP: 53/53 MP: 0/0
  5379 | D:5      | Entered Level 5 of the Dungeon
  5619 | D:5      | Reached skill level 5 in Dodging
  5640 | D:5      | Reached *** piety under Hepliaklqana
  5665 | D:5      | Reached skill level 1 in Shields
  5665 | D:5      | Reached skill level 5 in Spellcasting
  5687 | D:5      | Noticed a wraith
  5696 | D:5      | Killed a wraith
  5697 | D:5      | Reached skill level 2 in Shields
  5773 | D:5      | Reached skill level 3 in Shields
  5774 | D:5      | Reached XP level 9. HP: 59/59 MP: 0/0
  5774 | D:5      | Learned a level 4 spell: Cause Fear
  6118 | D:6      | Found a stormy altar of Qazlal.
  6118 | D:6      | Found a hazy altar of Hepliaklqana.
  6309 | D:6      | Reached skill level 4 in Shields
  6431 | D:6      | Found a sacrificial altar of Ru.
  6449 | D:6      | Found a large runed translucent door.
  6449 | D:6      | Found a large runed translucent door.
  6455 | D:6      | Noticed Patoropollo's ghost (novice SpEn)
  6636 | D:7      | Identified the +3 quarterstaff of Radicalism {venom, Int+5}
  6713 | D:7      | Reached skill level 1 in Evocations
  7024 | D:7      | Reached skill level 5 in Shields
  7062 | D:7      | Found a staircase to the Ecumenical Temple.
  7433 | D:8      | Reached XP level 10. HP: 67/67 MP: 0/0
  7557 | D:8      | Reached **** piety under Hepliaklqana
  7558 | D:8      | Found a runed translucent gate.
  7559 | D:8      | Found a runed translucent gate.
  7560 | D:8      | Found a runed translucent gate.
  7560 | D:8      | Noticed a brown ugly thing
  7560 | D:8      | Noticed a red ugly thing
  7560 | D:8      | Noticed a purple ugly thing
  7560 | D:8      | Noticed a green ugly thing
  7568 | D:8      | Noticed a purple ugly thing
  7692 | D:8      | Reached skill level 6 in Shields
  8313 | D:9      | Found Xoofim's Magic Scroll Shoppe.
  8335 | D:9      | Bought a scroll of teleportation for 33 gold pieces
  8335 | D:9      | Bought a scroll of identify for 22 gold pieces
  8335 | D:9      | Bought a scroll of blinking for 82 gold pieces
  8335 | D:9      | Bought a scroll of identify for 22 gold pieces
  8335 | D:9      | Bought a scroll of magic mapping for 38 gold pieces
  8361 | D:9      | Noticed Amaemon
  8365 | D:9      | Noticed an orange demon
  8367 | D:9      | Killed Amaemon
  8368 | D:9      | Reached skill level 7 in Shields
  8368 | D:9      | Reached skill level 1 in Invocations
  8478 | D:9      | Killed an orange demon
  8602 | D:9      | Reached XP level 11. HP: 50/72 MP: 0/0
  8602 | D:9      | Learned a level 4 spell: Animate Dead
  8739 | D:10     | Entered Level 10 of the Dungeon
  8739 | D:10     | Noticed Fannar
  8751 | D:10     | Killed Fannar
  8752 | D:10     | Reached skill level 8 in Shields
  8871 | D:10     | Identified the +0 leather armour "Tofegg" {-Cast Rampage
                  | rPois Int-3}
  9092 | D:10     | Noticed a two-headed ogre
  9092 | D:10     | Noticed a two-headed ogre
  9144 | D:10     | Killed a two-headed ogre
  9153 | D:10     | Killed a two-headed ogre
  9458 | D:11     | Found a staircase to the Lair.
  9459 | D:11     | Noticed an oklob plant
  9488 | D:10     | Found a portal to a secret trove of treasure.
  9788 | D:9      | Bought a scroll of acquirement for 572 gold pieces
  9794 | D:9      | Acquired a +1 kite shield of reflection
  9807 | D:9      | Acquired a staff of cold
 10044 | D:10     | Noticed a deep elf pyromancer
 10047 | D:10     | Noticed a deep elf zephyrmancer
 10052 | D:10     | Killed a deep elf pyromancer
 10059 | D:10     | a deep elf zephyrmancer changed into a yaktaur
 10067 | D:10     | Identified the +2 hat "Bin Faxo" {Str+3}
 10453 | D:11     | Noticed an eight-headed hydra
 10472 | D:11     | Killed an eight-headed hydra
 10473 | D:11     | Reached skill level 5 in Invocations
 10473 | D:11     | Reached XP level 12. HP: 81/81 MP: 0/0
 10546 | D:11     | Reached ***** piety under Hepliaklqana
 10561 | D:11     | Noticed Sonja
 10567 | D:11     | Killed Sonja
 10586 | D:11     | Noticed Harold
 10598 | D:11     | Killed Harold
 10868 | D:11     | Noticed an eight-headed hydra
 10890 | D:11     | Killed an eight-headed hydra
 10891 | D:11     | Reached skill level 9 in Shields
 11754 | Lair:1   | Entered Level 1 of the Lair of Beasts
 11804 | Lair:1   | Reached skill level 10 in Fighting
 11811 | Lair:1   | Reached skill level 10 in Dodging
 11820 | Lair:1   | Noticed Gastronok
 11886 | Lair:2   | Noticed a seven-headed hydra
 11964 | Lair:1   | Killed Gastronok
 11965 | Lair:1   | Reached skill level 10 in Shields
 12212 | Lair:1   | Reached XP level 13. HP: 83/87 MP: 0/0
 12212 | Lair:1   | Learned a level 5 spell: Alistair's Intoxication
 12683 | Lair:2   | Noticed an eight-headed hydra
 12692 | Lair:2   | Killed an eight-headed hydra
 12693 | Lair:2   | Reached skill level 11 in Shields
 12914 | Lair:2   | Killed a seven-headed hydra
 13066 | Lair:2   | Noticed a four-headed hydra
 13109 | Lair:2   | Found a staircase to the Snake Pit.
 13193 | Lair:2   | Killed a four-headed hydra
 13194 | Lair:2   | Reached skill level 12 in Shields
 13608 | Lair:3   | Noticed a six-headed hydra
 13630 | Lair:3   | Killed a six-headed hydra
 14521 | Lair:4   | Noticed Urug
 14532 | Lair:4   | Killed Urug
 14591 | Lair:4   | Found a runed translucent gate.
 14595 | Lair:4   | Found a runed translucent gate.
 14595 | Lair:4   | Noticed a 13-headed hydra
 14596 | Lair:4   | Found a runed translucent gate.
 14604 | Lair:4   | Noticed Jysajome's ghost (adept OgCj)
 14604 | Lair:4   | Noticed a ten-headed hydra
 14671 | Lair:4   | Reached ****** piety under Hepliaklqana
 14781 | Lair:4   | Reached XP level 14. HP: 91/95 MP: 0/0
 14790 | Lair:4   | Reached skill level 13 in Shields
 15195 | Lair:4   | Found a staircase to the Shoals.
 15579 | Lair:5   | Found a viscous altar of Jiyva.
 15888 | Lair:5   | Found a staircase to the Slime Pits.
 16107 | Lair:6   | Entered Level 6 of the Lair of Beasts
 16545 | Lair:5   | Reached skill level 10 in Spellcasting
 16554 | Lair:5   | Reached skill level 14 in Shields
 16690 | Lair:6   | Noticed Snorg
 16707 | Lair:6   | Killed Snorg
 16916 | Lair:6   | Reached XP level 15. HP: 73/102 MP: 0/0
 16916 | Lair:6   | Learned a level 6 spell: Summon Cactus Giant
 17130 | Lair:6   | Reached skill level 15 in Shields
 17779 | Lair:6   | Identified the +4 scale mail of Liberty {rElec Int+4}
 18040 | D:12     | Noticed Lodul
 18175 | D:12     | Killed Lodul
 18285 | D:12     | Found Ydued's Jewellery Boutique.
 18351 | D:12     | Found a staircase to the Orcish Mines.
 18822 | D:12     | Reached XP level 16. HP: 108/111 MP: 0/0
 18854 | Orc:1    | Entered Level 1 of the Orcish Mines
 19345 | Orc:2    | Entered Level 2 of the Orcish Mines
 19567 | Orc:2    | Found a staircase to the Elven Halls.
 19742 | Orc:2    | Reached skill level 16 in Shields
 19902 | Orc:2    | Found Dap Otu's Magic Scroll Boutique.
 19902 | Orc:2    | Found Jacin's Jewellery Shoppe.
 19902 | Orc:2    | Found Voqalaim's Weapon Shoppe.
 19902 | Orc:2    | Found Gosaemud's General Store.
 19910 | Orc:2    | Bought a scroll of teleportation for 42 gold pieces
 19910 | Orc:2    | Bought a scroll of enchant armour for 105 gold pieces
 19918 | Orc:2    | Bought a potion of heal wounds for 75 gold pieces
 19918 | Orc:2    | Bought a scroll of teleportation for 45 gold pieces
 19918 | Orc:2    | Bought a wand of digging (5) for 270 gold pieces
 20437 | D:13     | Reached skill level 15 in Fighting
 20682 | D:13     | Found a burning altar of Makhleb.
 20694 | D:13     | Identified the +1 robe of Ucoras {rElec rC- rCorr Dex+4}
 21159 | D:15     | Entered Level 15 of the Dungeon
 21205 | D:14     | Identified the +1 great sword of the Establishment {spect,
                  | Str+3}
 21772 | D:14     | Reached XP level 17. HP: 117/117 MP: 0/0
 21772 | D:14     | Learned a level 6 spell: Conjure Ball Lightning
 21876 | D:14     | Found a gate to the Vaults.
 21909 | D:14     | Reached skill level 1 in Armour
 22737 | D:14     | Reached skill level 5 in Armour
 23133 | D:15     | Found a staircase to the Depths.
 23588 | Snake:1  | Entered Level 1 of the Snake Pit
 23698 | Snake:1  | Identified the +8 flail of Juentenibo {drain, rPois Str+4}
 24001 | Snake:2  | Noticed Aizul
 24017 | Snake:2  | Killed Aizul
 24198 | Snake:2  | Reached skill level 10 in Armour
 24369 | Snake:3  | Noticed Nikola
 24374 | Snake:4  | Entered Level 4 of the Snake Pit
 24682 | Snake:4  | Killed from afar by Nikola

Illustrated notes

Levels and vault maps discovered:
D:1:      minmay_arrival_up_and_down, layout_basic, serial_shops,
          nicolae_shop_bloodbath_and_beyond, minmay_split_cup_large
D:2:      layout_basic, dreamdust_ecumenical_altar_hidden_monk_grotto,
          minmay_curled_crystal
D:3:      layout_loops_ring, lemuel_crystal_altar, minmay_misc_feat_alley
D:4:      layout_loops_ring, gup_sewer_entry_pipe, grunt_decor_one_mirror,
          uniq_menkaure, uniq_sigmund
D:5:      layout_basic
D:6:      layout_rooms, lemuel_crystal_altar, gammafunk_temple_overflow_wave,
          ebering_ghost_disaster_area
D:7:      layout_loops_ring, minmay_temple_entry_fiery, minmay_manual_monolith
D:8:      layout_basic, ploomutoo_gammafunk_ghost_potion_laboratory,
          minmay_gold_behind_fungi
D:9:      layout_big_octagon, serial_shops, nicolae_shop_window_shopping,
          chequers_decorated_corner, uniq_amaemon
D:10:     kennysheep_ambush_hall, layout_loops_corners,
          nicolae_trove_entry_free_sample, hangedman_minor_magic, uniq_fannar
D:11:     layout_loops_corners, dpeg_oklobed_lair, uniq_sonja, uniq_harold
D:12:     layout_cave_pools, orc_0_dummy, serial_shops,
          nicolae_shop_window_shopping, uniq_lodul
D:13:     layout_irregular_city, bloody_makhleb
D:14:     layout_roguey, hangedman_vaults_entry_quadrant_bands,
          hangedman_abyss_or_decor_stabs
D:15:     hangedman_depths_entry_civil_slaughter, layout_cave_pools,
          moated_statue
Lair:1:   layout_loops_ring, minmay_holes, lemuel_fruit_fields,
          grunt_megastairs_2, uniq_gastronok
Lair:2:   layout_misc_corridors, minmay_snake_entry_guardpost_small,
          grunt_megastairs_3, serial_bayou_shore_a
Lair:3:   layout_cave_pods, grunt_megastairs_5, serial_bayou_shore_b,
          infiniplex_staircase_pool
Lair:4:   layout_loops_ring, minmay_shoals_entry_hut,
          gammafunk_ghost_hydra_chop, gammafunk_lair_bear_cave, uniq_urug
Lair:5:   layout_gridlike, slime_altar_1, bh_autumn_forest_stairs,
          nzn_sisyphean_effort
Lair:6:   minmay_lair_end_frog_pond, layout_long_grid, special_room
          [special_room_bee], uniq_snorg
Snake:1:  layout_rooms, nicolae_snake_dead_anacondas
Snake:2:  layout_grid_maze, uniq_aizul, uniq_asterion
Snake:3:  layout_rooms, drop_trap, uniq_louise, uniq_nikola
Snake:4:  snake_pit, layout_rooms, corexii_hall_statues_t, grunt_ministairs_8
Orc:1:    layout_caves, nicolae_orc_stony_grotto
Orc:2:    st_orc_ogre_mass, layout_diamond_mine

Skill      XL: |  1  2  3  4  5  6  7  8  9 10 11 12 13 14 15 16 17 |
---------------+----------------------------------------------------+-----
Fighting       | 1 2 3 4 5 6 7 8 9 10 11 13 14 15 | 15.6
Spellcasting   | 3 4 5 6 7 8 9 10 11 12 | 12.6
Dodging        | 3 4 5 6 7 9 10 11 12 | 12.1
Shields        | 3 5 7 8 10 12 14 15 16 | 16.8
Evocations     | 2 4 |  4.0
Invocations    | 2 5 6 |  6.0
Armour         | 10 | 10.9
Stealth        | |  1.5

Action                   |  1- 3 |  4- 6 |  7- 9 | 10-12 | 13-15 | 16-18 || total
-------------------------+-------+-------+-------+-------+-------+-------++-------
Melee: Dagger            |     9 |     3 |     4 |       |       |       ||    16
       Staff             |       |       |     3 |    23 |    76 |    67 ||   169
Throw: Throwing net      |       |       |       |     1 |       |       ||     1
 Cast: Magic Dart        |    44 |    51 |   124 |   126 |   189 |    42 ||   576
       Slow              |     5 |     7 |    10 |    13 |    15 |       ||    50
       Sandblast         |    18 |    43 |    34 |   141 |    80 |   176 ||   492
       Mephitic Cloud    |       |     1 |     5 |    45 |    73 |    69 ||   193
       Searing Ray       |       |       |     1 |    11 |    44 |    44 ||   100
       Conjure Flame     |       |       |       |     6 |     8 |       ||    14
       Animate Dead      |       |       |       |     3 |    56 |    22 ||    81
       Static Discharge  |       |       |       |     1 |     8 |     1 ||    10
       Call Imp          |       |       |       |       |     1 |       ||     1
       Summon Cactus Gia |       |       |       |       |    19 |    22 ||    41
       Alistair's Intoxi |       |       |       |       |       |     1 ||     1
       Cause Fear        |       |       |       |       |       |     3 ||     3
       Conjure Ball Ligh |       |       |       |       |       |     3 ||     3
Invok: Ancestor Life: Ba |       |     1 |       |       |       |       ||     1
       Recall Ancestor   |       |       |       |     2 |    12 |     3 ||    17
       Idealise          |       |       |       |       |     5 |       ||     5
Evoke: Wand              |       |       |       |    10 |    10 |     4 ||    24
  Use: Scroll            |       |     5 |     4 |    12 |    27 |     7 ||    55
       Potion            |       |       |     1 |     2 |     5 |     2 ||    10
 Stab: Sleeping          |     1 |       |       |     1 |       |     1 ||     3
       Confused          |       |       |       |       |     4 |     5 ||     9
       Distracted        |       |       |       |       |     2 |       ||     2
Armor: Robe              |     2 |     5 |     4 |    15 |    44 |    49 ||   119
       Skin              |       |       |     1 |     1 |     7 |       ||     9
       Scale mail        |       |       |       |       |       |     5 ||     5
Dodge: Dodged            |    10 |    23 |    14 |    27 |   177 |   178 ||   429
Block: Buckler           |       |       |     5 |    14 |       |       ||    19
       Kite shield       |       |       |       |    24 |   251 |   273 ||   548
       Reflection        |       |       |       |     1 |     3 |    56 ||    60

Table legend: (Time is in decaauts)
 A = Elapsed time spent in this place.
 B = Non-inter-level travel time spent in this place.
 C = Inter-level travel time spent in this place.
 D = Time resting spent in this place.
 E = Time spent auto-exploring this place.
 F = Levels seen in this place.
 G = Mean time per level.
                   A        B        C        D        E       F      G
               +--------+--------+--------+--------+--------+-----+--------+
         Total |  24745 |  23137 |   1608 |   2649 |  13414 |  28 |  883.8 |
       Dungeon |  15747 |  14685 |   1062 |   1834 |   9290 |  15 | 1049.8 |
          Lair |   6265 |   5834 |    431 |    522 |   3306 |   6 | 1044.2 |
     Snake Pit |   1101 |   1101 |      0 |    252 |     11 |   4 |  275.2 |
  Orcish Mines |   1523 |   1409 |    114 |     41 |    807 |   2 |  761.5 |
         Sewer |    108 |    108 |      0 |      0 |      0 |   1 |  108.0 |
               +--------+--------+--------+--------+--------+-----+--------+

Top non-repeatable levels by time:
    D:14: 1782 daAuts
     D:1: 1612 daAuts
    D:11: 1567 daAuts
     D:2: 1526 daAuts
    D:10: 1505 daAuts
  Lair:6: 1301 daAuts
  Lair:5: 1274 daAuts
     D:3: 1104 daAuts
  Lair:3: 1052 daAuts
     D:4: 1027 daAuts
   Orc:2: 1003 daAuts
  Lair:4: 940 daAuts
     D:8: 928 daAuts
  Lair:1: 906 daAuts
    D:12: 793 daAuts
